 Dungeon Crawl Stone Soup version 0.30.0 (webtiles) character file.

Game seed: 7360421872124406098

9310 ShrewdGherkins the Fighter (level 11, -8/89 HPs)
             Began as a Formicid Necromancer on Dec 8, 2023.
             Was a Priest of Kikubaaqudgha.
             Mangled by Snorg (14 damage)
             ... on level 11 of the Dungeon on Dec 9, 2023.
             The game lasted 00:49:25 (12472 turns).

ShrewdGherkins the Fighter (Formicid Necromancer)  Turns: 12472, Time: 00:49:25

Health: -8/89      AC:  5    Str: 12    XL:     11   Next: 72%
Magic:  1/24       EV: 13    Int: 32    God:    Kikubaaqudgha [***...]
Gold:   540        SH:  0    Dex: 14    Spells: 0/28 levels left

rFire   . . .        z - +3 dagger (elec)
rCold   . . .        (no shield)
rNeg    . . .        a - +0 robe
rPois   .            (helmet unavailable)
rElec   .            r - +0 cloak
rCorr   .            v - +1 pair of gloves
SInv    +            (no boots)
Will    +....        u - amulet of regeneration
Stlth   +++          p - +6 ring of intelligence
HPRegen 1.14/turn    B - +6 ring of intelligence
MPRegen 0.19/turn

%: no passive effects
@: mighty
A: permanent stasis, dig shafts and tunnels, antennae 3, four strong arms
a: Dig, Shaft Self, Renounce Religion, Unearth Wretches


You were on level 11 of the Dungeon.
You worshipped Kikubaaqudgha.
Kikubaaqudgha was most pleased with you.
You visited 2 branches of the dungeon, and saw 12 of its levels.

You collected 540 gold pieces.

Inventory:

Hand Weapons
 z - a +3 dagger of electrocution (weapon)
Missiles
 A - 2 throwing nets
Armour
 a - a +0 robe (worn)
 r - a +0 cloak (worn)
 v - a +1 pair of gloves (worn)
Jewellery
 p - a +6 ring of intelligence (left hand)
 q - the ring of Neur Farph {Contam Will+ Str+2 Dex+2}
   (You took it off a kobold on level 2 of the Dungeon)

   [ring of willpower]

   Str:       It affects your strength (+2).
   Dex:       It affects your dexterity (+2).
   Contam:    It causes magical contamination when unequipped.
   Will:      It increases your willpower.
 s - a ring of fire
 u - an amulet of regeneration (around neck)
 B - a +6 ring of intelligence (right hand)
 C - the ring of Inohez {Will+ Dex+3}
   (You found it on level 6 of the Dungeon)

   [ring of willpower]

   Dex:       It affects your dexterity (+3).
   Will:      It increases your willpower.
 E - an amulet of faith
 J - a ring of wizardry
Wands
 l - a wand of acid (6)
 H - a wand of iceblast (4)
 I - a wand of polymorph (6)
Scrolls
 d - 2 scrolls of vulnerability
 f - 2 scrolls of poison
 g - 2 scrolls of brand weapon
 i - 2 scrolls of enchant armour
 k - a scroll of magic mapping
 w - 3 scrolls of blinking
 x - a scroll of fear
 y - a scroll of identify
 F - 2 scrolls of enchant weapon {unknown}
Potions
 b - 10 potions of curing
 c - a potion of resistance {unknown}
 e - a potion of berserk rage {unknown}
 h - a potion of degeneration {unknown}
 j - a potion of invisibility
 m - 2 potions of mutation
 n - 3 potions of might
 o - 4 potions of heal wounds
 t - a potion of lignification {unknown}
 D - 2 potions of brilliance {unknown}
 G - a potion of cancellation {unknown}


   Skills:
 + Level 9.2 Fighting
 - Level 4.2 Dodging
 - Level 4.0 Stealth
 - Level 9.0 Spellcasting
 - Level 4.2 Hexes
 - Level 8.8 Necromancy
 - Level 2.2 Ice Magic
 - Level 9.0 Earth Magic
 * Level 0.0 Poison Magic


You couldn't memorise any spells.
You knew the following spells:

 Your Spells              Type           Power      Damage    Failure   Level
a - Necrotise             Necr           100%       1d9       1%          1
b - Vampiric Draining     Necr           63%        2d10      1%          3
c - Passwall              Tmut/Erth      35%        N/A       1%          2
d - Animate Dead          Necr           63%        N/A       1%          4
e - Tukima's Dance        Hex            41%        N/A       1%          3
f - Borgnjor's Vile Clut  Necr/Erth      32%        N/A       2%          5
g - Simulacrum            Ice/Necr       25%        N/A       45%         6
h - Olgreb's Toxic Radia  Pois           14%        N/A       32%         4

Your spell library contained the following spells:

 Spells                   Type           Power      Damage    Failure   Level
 Kiss of Death            Conj/Necr      100%       2d13      1%          1
 Cigotuvi's Dreadful Rot  Necr/Pois/Air  66%        N/A       1%          2
 Ensorcelled Hibernation  Hex/Ice        70%        N/A       1%          2
 Dispel Undead            Necr           63%        3d22      1%          4
 Anguish                  Hex/Necr       27%        N/A       2%          4
 Agony                    Necr           63%        N/A       2%          5
 Apportation              Tloc           28%        N/A       3%          1
 Summon Small Mammal      Summ           56%        N/A       3%          1
 Portal Projectile        Hex/Tloc       56%        N/A       4%          3
 Ignite Poison            Fire/Tmut/Pois 14%        N/A       10%         3
 Alistair's Intoxication  Tmut/Pois      9%         N/A       67%         5
 Blade Hands              Tmut           7%         N/A       67%         5
 Conjure Ball Lightning   Conj/Air       7%         3x3d6     99%         6
 Eringya's Noxious Bog    Tmut/Pois      7%         N/A       99%         6
 Discord                  Hex            20%        N/A       100%        8
 Disjunction              Tloc           7%         N/A       100%        8
 Swiftness                Air            Unusable   N/A       N/A         3

Dungeon Overview and Level Annotations

Branches:
Dungeon (11/15)            Temple (1/1) D:4            Lair (0/5) D:8
    Orc: D:9-12

Altars:
Ashenzari
Cheibriados
Dithmenos
Elyvilon
Fedhas
Gozag
Hepliaklqana
Kikubaaqudgha
Makhleb
Nemelex Xobeh
Okawaru
Qazlal
Ru
Sif Muna
Trog
Uskayaw
Vehumet
Wu Jian
Xom
Yredelemnul
Zin
The Shining One

Shops:
D:2 !:*(   D:4 :   D:9 (   D:10 :

Annotations:
D:3 3 runed translucent doors, Caterwaul's ghost, amateur MfMo; JaredAshtonScott's ghost, weakling NaDe; PiratePeteNZ's ghost, weakling DECj; mdmota's ghost, amateur DjCK
D:8 1 runed translucent door, Caterwaul's ghost, journeyman MfMo
D:11 Snorg


Innate Abilities, Weirdness & Mutations

You cannot be hasted, slowed, berserked, paralysed or teleported.
You can dig through walls and to a lower floor.
You have a pair of large antennae on your head. (SInv)
Your four strong arms can wield two-handed weapons with a shield.


Message History

Snorg bites you but does no damage. Snorg claws you! Snorg barely misses you.
Casting: Borgnjor's Vile Clutch (dangerous; 2% risk of failure)
Confirm with . or Enter, or press ? or * to list all spells.
Aiming: Borgnjor's Vile Clutch (dangerous; 2% risk of failure)
Press: ? - help, Shift-Dir - straight line, f/p - Snorg
Aim: Snorg (heavily wounded, berserk, 100% to hit)
Zombie hands grab Snorg.
The zombie hands constrict Snorg!
Snorg bites you. Snorg claws you but does no damage. Snorg claws you!
The zombie hands constrict Snorg!
Snorg struggles to escape constriction.
Snorg rages.
Snorg struggles to escape constriction.
Okay, then.
Press: ? - help, v - describe, . - travel
Here: Snorg (severely wounded, berserk, constricted by zombie hands)
The floor.
You feel very mighty all of a sudden.
The zombie hands constrict Snorg!
Snorg struggles to escape constriction.
The zombie hands constrict Snorg!
Snorg escapes!
You are too injured to fight recklessly!
You closely miss Snorg.
Snorg is almost dead.
Snorg closely misses you. Snorg claws you!!
* * * LOW HITPOINT WARNING * * *
Snorg claws you but does no damage.
Okay, then.
Aiming: Corrosive Bolt
Press: ? - help, Shift-Dir - straight line, f/p - Snorg
Aim: Snorg (almost dead, berserk, 71% to hit)
The bolt of acid misses Snorg.
The bolt of acid hits the howler monkey!
The acid corrodes the howler monkey!
The howler monkey is heavily wounded.
Snorg bites you.
* * * LOW HITPOINT WARNING * * *
Snorg barely misses you. x2; Snorg bites you.
* * * LOW HITPOINT WARNING * * *
Snorg claws you!
You die...
Kikubaaqudgha rasps: "You have failed me!
Welcome... death!"

#......###.#
#..........#
##...[.#.###
#........##
###.>(....# #..
####...## { ..
..###>##
###.####.# #.# #
#.....##.# #@#
##.#.....##.###T#
.............##h#
#..:..##..##.#
#...?h.......#
.......####..####
####.## #..# #
#..# #$..


You could see Snorg (berserk) and a howler monkey (corroded).

Vanquished Creatures
  Erica (D:8)
  Psyche (D:8)
  A troll (D:10)
  A hornet (D:7)
  A vampire (D:8)
  22 yaks
  A steam dragon (D:8)
  A black bear (D:4)
  An ice beast (D:7)
  A sky beast (D:7)
  2 orc warriors (D:10)
  5 centaurs
  2 phantoms
  A kobold brigand (D:10)
  2 gnoll sergeants
  2 bullfrogs
  5 scorpions
  9 wights
  5 killer bees (D:9)
  2 howler monkeys (D:8)
  A crimson imp (D:10)
  2 hounds (D:6)
  4 orc priests
  4 gnoll boudas
  4 iguanas
  A sleepcap (D:6)
  8 orc wizards
  19 gnolls
  4 adders
  A white imp (D:10)
  2 worms
  3 dart slugs
  19 orcs
  7 bats
  7 endoplasms
  7 giant cockroaches
  4 hobgoblins
  3 jackals (D:3)
  10 kobolds
  2 quokkas
  5 ball pythons
  6 frilled lizards
  9 goblins
  6 rats
204 creatures vanquished.

Vanquished Creatures (collateral kills)
  6 yaks
  A water moccasin (D:6)
  A kobold brigand (D:8)
  A wight (D:6)
  A howler monkey (D:8)
  An orc priest (D:6)
  A sleepcap (D:6)
  An orc wizard (D:8)
  6 gnolls
  A dart slug (D:1)
20 creatures vanquished.

Vanquished Creatures (others)
  3 dancing weapons (D:7)
  A yak zombie (D:8)
  A centaur zombie (D:6)
  5 killer bee zombies (D:9)
  2 howler monkey zombies (D:8)
  7 orc zombies
  6 gnoll zombies
  2 kobold zombies (D:8)
  4 plants (D:9)
  2 withered plants (D:8)
33 creatures vanquished.

Grand Total: 257 creatures vanquished

Notes
Turn   | Place    | Note
-------+----------+-------------------------------------------
     0 | D:1      | ShrewdGherkins the Formicid Necromancer began the quest for
                  | the Orb.
     0 | D:1      | Reached XP level 1. HP: 13/13 MP: 3/3
   213 | D:1      | Reached XP level 2. HP: 18/19 MP: 1/5
   517 | D:1      | Found a faded altar of an unknown god.
   544 | D:1      | Prayed at the altar of an unknown god.
   544 | D:1      | Became a worshipper of Uskayaw the Reveller
   544 | D:1      | Reached * piety under Uskayaw
   548 | D:1      | Fell from the grace of Uskayaw
   740 | D:1      | Reached XP level 3. HP: 24/24 MP: 6/6
   744 | D:1      | Learned a level 3 spell: Vampiric Draining
  1122 | D:2      | Found Ixun's Assorted Antiques.
  1123 | D:2      | Found Geruinwone's Book Shoppe.
  1289 | D:2      | Found Cylais's Antique Weapon Emporium.
  1395 | D:2      | Found Daromat's Distillery.
  1545 | D:2      | Reached XP level 4. HP: 31/31 MP: 4/8
  1652 | D:2      | Found the +2 hat of the Bear Spirit {Spirit, Bear, *Rage
                  | Will++}
  1697 | D:2      | Identified the +0 whip of the Six Hells {flame, rF+ Dex+2}
  1697 | D:2      | Identified the ring of Neur Farph {Contam Will+ Str+2
                  | Dex+2}
  1978 | D:2      | Reached skill level 5 in Necromancy
  2554 | D:3      | Found a runed translucent gate.
  2555 | D:3      | Found a runed translucent gate.
  2556 | D:3      | Found a runed translucent gate.
  2557 | D:3      | Noticed JaredAshtonScott's ghost (weakling NaDe)
  2558 | D:3      | Noticed PiratePeteNZ's ghost (weakling DECj)
  2558 | D:3      | Noticed mdmota's ghost (amateur DjCK)
  2558 | D:3      | Noticed Caterwaul's ghost (amateur MfMo)
  2815 | D:3      | Reached skill level 1 in Fighting
  2928 | D:3      | Learned a level 2 spell: Passwall
  2946 | D:3      | You fall into a shaft and drop 1 floor!
  2946 | D:4      | Found Vorghareh's Vocational Training.
  2947 | D:4      | Noticed a scorpion
  2974 | D:4      | Found a staircase to the Ecumenical Temple.
  2978 | D:4      | Noticed a black bear
  2986 | D:5      | Entered Level 5 of the Dungeon
  3030 | D:5      | Noticed a scorpion
  3038 | D:5      | Killed a scorpion
  3039 | D:5      | Reached skill level 1 in Earth Magic
  3039 | D:5      | Reached XP level 5. HP: 34/37 MP: 0/9
  3189 | D:6      | Identified the +0 ring mail of Infinity {Contam rN+ MP+9
                  | Int+2}
  3299 | D:5      | Reached XP level 6. HP: 44/44 MP: 6/11
  3500 | D:4      | Killed a black bear
  3501 | D:4      | Reached XP level 7. HP: 40/51 MP: 0/12
  3637 | Temple   | Entered the Ecumenical Temple
  3954 | Temple   | Became a worshipper of Kikubaaqudgha
  3960 | Temple   | Learned a level 4 spell: Animate Dead
  4077 | D:4      | Found Vorghareh's Vocational Training.
  5047 | D:4      | Found a glowing golden altar of the Shining One.
  5047 | D:4      | Found a basalt altar of Yredelemnul.
  5054 | D:4      | Noticed a profane servitor
  5130 | D:4      | Noticed an angel
  5641 | D:5      | Reached XP level 8. HP: 58/58 MP: 9/14
  6268 | D:6      | Learned a level 3 spell: Tukima's Dance
  6316 | D:6      | Reached * piety under Kikubaaqudgha
  6316 | D:6      | Received a gift from Kikubaaqudgha
  6317 | D:6      | Reached skill level 1 in Hexes
  6479 | D:6      | Reached skill level 5 in Spellcasting
  6514 | D:6      | Identified the ring of Inohez {Will+ Dex+3}
  6864 | D:6      | Reached XP level 9. HP: 67/67 MP: 10/16
  6897 | D:6      | Reached skill level 5 in Fighting
  7475 | D:7      | Learned a level 5 spell: Blade Hands
  7612 | D:7      | Got Sif Muna's Annotations on Blight
  7915 | D:7      | Noticed a hornet
  8102 | D:7      | Identified a scroll of acquirement
  8102 | D:7      | Acquired Great Wizards, Vol. II
  8110 | D:7      | Learned a level 5 spell: Borgnjor's Vile Clutch
  8214 | D:7      | Identified the +6 dagger "Buhal" {drain, Str+4}
  8358 | D:7      | Killed a hornet
  8480 | D:8      | Reached XP level 10. HP: 64/77 MP: 4/19
  8643 | D:8      | Found a staircase to the Lair.
  8715 | D:8      | Reached skill level 5 in Earth Magic
  8838 | D:8      | Noticed Erica
  8871 | D:8      | Reached ** piety under Kikubaaqudgha
  9099 | D:8      | HP: 3/79 [yak (11)]
  9309 | D:8      | Killed Erica
  9438 | D:8      | Found a runed translucent door.
  9439 | D:8      | Noticed Caterwaul's ghost (journeyman MfMo)
  9657 | D:8      | Noticed Psyche
  9662 | D:8      | Killed Psyche
  9663 | D:8      | Reached XP level 11. HP: 86/86 MP: 15/23
  9821 | D:8      | Was forgiven by Uskayaw
 10649 | D:9      | Found Eloakeh's Antique Weapon Boutique.
 11107 | D:10     | Entered Level 10 of the Dungeon
 11139 | D:10     | Reached *** piety under Kikubaaqudgha
 11139 | D:10     | Received a gift from Kikubaaqudgha
 11149 | D:10     | Learned a level 6 spell: Simulacrum
 11283 | D:10     | Reached skill level 1 in Ice Magic
 11384 | D:10     | Found Wiudu's Book Emporium.
 12403 | D:10     | Learned a level 4 spell: Olgreb's Toxic Radiance
 12450 | D:11     | Noticed Snorg
 12472 | D:11     | Mangled by Snorg

Illustrated notes

Levels and vault maps discovered:
D:1:      eino_arrival_cavern_a, layout_rooms, ebering_ecumenical_altar_mist,
          minmay_misc_feat_four_crosses
D:2:      layout_loops_cross, serial_shops, nicolae_square_shop, shop, shop,
          shop, serial_forest, infiniplex_forest_end_2, infiniplex_forest_end_2,
          infiniplex_forest_clump_small, infiniplex_forest_clump_double,
          infiniplex_forest_pool, infiniplex_forest_corner_1,
          infiniplex_forest_end_double, infiniplex_forest_straight_2,
          infiniplex_forest_lined_2, kennysheep_generic_room_16
D:3:      layout_basic, gammafunk_ghost_cemetery
D:4:      layout_loops_cross, grunt_temple_overflow_holy_war,
          minmay_temple_entry_mini_moons, serial_park_tiny_2,
          nicolae_shop_vocational
D:5:      nicolae_cairo_tiling, layout_basic
D:6:      layout_basic
D:7:      layout_basic, minmay_misc_feat_chi
D:8:      layout_basic, lair_entry_dummy, gammafunk_ghost_grave, uniq_psyche,
          uniq_erica
D:9:      layout_stronghold, serial_shops, nicolae_shop_overgrown_old_shop
D:10:     layout_loops_ring, serial_shops, nicolae_shop_hallway_plus,
          eino_tiny_chamber, minmay_fire_ice_demons
D:11:     layout_loops_ring, orc_0_dummy, uniq_snorg
Temple:   mainiacjoe_temple_cubbyholes

Skill      XL: |  1  2  3  4  5  6  7  8  9 10 11 |
---------------+----------------------------------+-----
Necromancy     | 5 6 7 8 |  8.8
Spellcasting   | 3 4 5 6 8 9 |  9.0
Fighting       | 1 2 3 4 6 8 9 |  9.2
Earth Magic    | 1 2 3 8 9 |  9.0
Stealth        | 3 4 |  4.0
Dodging        | 2 4 |  4.2
Hexes          | 2 4 |  4.2
Ice Magic      | 2 |  2.2

Action                     |  1- 3 |  4- 6 |  7- 9 | 10-12 || total
---------------------------+-------+-------+-------+-------++-------
  Melee: Dagger            |    56 |       |   151 |    63 ||   270
         Club              |     1 |       |       |       ||     1
         Whip              |       |    15 |    42 |       ||    57
         Punch             |       |       |     3 |     2 ||     5
   Cast: Necrotise         |    44 |    79 |   134 |    15 ||   272
         Vampiric Draining |       |     1 |     2 |       ||     3
         Animate Dead      |       |       |     8 |     6 ||    14
         Passwall          |       |       |     1 |       ||     1
         Tukima's Dance    |       |       |    11 |       ||    11
         Borgnjor's Vile C |       |       |     1 |    47 ||    48
 Invoke: Renounce Religion |     1 |       |       |       ||     1
  Evoke: Wand              |       |       |       |     1 ||     1
    Use: Scroll            |       |     1 |    16 |       ||    17
         Potion            |       |     1 |       |     2 ||     3
   Stab: Sleeping          |     1 |     1 |       |     1 ||     3
         Distracted        |       |     1 |     1 |       ||     2
 Armour: Robe              |    14 |     9 |    33 |    11 ||    67
  Dodge: Dodged            |    52 |    52 |   181 |    70 ||   355
